 Dungeon Crawl Stone Soup version 0.27.0-1-g7a089689b8 (webtiles) character file.

Game seed: 9838575469566776615

91 tilp the Sneak (level 4, -1/29 HPs)
             Began as a Kobold Delver on Aug 4, 2021.
             Was a Follower of Dithmenos.
             Killed by nerve-wracking pain
             ... invoked by an orc priest
              (14 damage)
             ... on level 3 of the Dungeon.
             The game lasted 00:07:49 (4556 turns).

tilp the Sneak (Kobold Delver)                      Turns: 4556, Time: 00:07:50

Health: -1/29      AC: 10    Str:  9      XL:     4   Next: 88%
Magic:  4/4        EV: 13    Int:  9 (11) God:    Dithmenos [*.....]
Gold:   182        SH:  0    Dex: 17      Spells: 3/3 levels left

rFire    . . .     SeeInvis +   a - +0 dagger
rCold    . . .     Faith    .   (shield restricted)
rNeg     . . .     Spirit   .   e - +0 ring mail
rPois    .         Reflect  .   s - +1 helmet
rElec    .         Harm     .   r - +2 cloak
rCorr    .         Rampage  .   (no gloves)
Will     .....                  (no boots)
Stlth    +++++.....             (no amulet)
HPRegen  0.09/turn              q - ring of see invisible
MPRegen  0.09/turn              (no ring)

@: wreathed by umbra
A: small, no large weapons, nightstalker 3
a: Renounce Religion


You were on level 3 of the Dungeon.
You worshipped Dithmenos.
Dithmenos was aware of your devotion.
You visited 1 branch of the dungeon, and saw 5 of its levels.

You collected 182 gold pieces.

Inventory:

Hand Weapons
 a - a +0 dagger (weapon)
 b - a +0 short sword
 u - a +0 rapier
Missiles
 d - 142 stones (quivered)
 o - 27 poisoned darts
Armour
 e - a +0 ring mail (worn)
 m - a +0 leather armour
 p - a +1 chain mail of fire resistance
 r - a +2 cloak (worn)
 s - a +1 helmet (worn)
 t - a +0 buckler
Jewellery
 n - a ring of wizardry
 q - a ring of see invisible (left hand)
Wands
 g - a wand of digging (3)
Scrolls
 c - a scroll of fog
 h - a scroll of immolation {unknown}
 j - a scroll of magic mapping
Potions
 f - a potion of haste
 k - a potion of magic
 l - 3 potions of flight


   Skills:
 - Level 4.0 Fighting
 - Level 4.0 Short Blades
 + Level 3.4 Dodging
 + Level 7.2 Stealth
 + Level 0.2 Shields


You had 3 spell levels left.
You didn't know any spells.
Your spell library was empty.

Dungeon Overview and Level Annotations

Branches:
Dungeon (5/15)             Temple (0/1) D:4

Altars:
Dithmenos
Nemelex Xobeh

Shops:
D:1 (   D:2 (

Annotations:
D:3 1 runed translucent door


Innate Abilities, Weirdness & Mutations

You are small and have problems with some larger weapons.
You are completely attuned to the shadows.


Message History

You barely miss the orc priest.
The orc priest is moderately wounded.
The orc barely misses you.
The orc priest begins to cast a cantrip, but forgets the words!
You closely miss the orc priest.
The orc priest is moderately wounded.
The orc misses you.
The orc priest hits you but does no damage.
You hit the orc priest.
The orc priest is heavily wounded.
The orc hits you but does no damage.
You hit the orc priest but do no damage.
The orc priest is heavily wounded.
The orc priest misses you.
You hit the orc priest.
The orc priest is severely wounded.
The orc barely misses you. The orc priest hits you with a +0 club.
You hit the orc priest but do no damage.
The orc priest is severely wounded.
The orc hits you but does no damage.
The orc priest hits you but does no damage.
You hit the orc priest.
The orc priest is severely wounded.
The orc barely misses you.
The orc priest hits you but does no damage.
You hit the orc priest.
The orc priest is almost dead.
The orc barely misses you.
You completely miss the orc priest.
The orc priest is almost dead.
The orc priest looks braver for a moment.
You hit the orc priest.
The orc priest is almost dead.
The orc hits you but does no damage. The orc priest barely misses you.
You closely miss the orc priest.
The orc priest is almost dead.
The orc closely misses you.
The orc priest mumbles some strange prayers to Beogh against you.
Pain shoots through your body!
You die...

#....#####..########..#....###...
##....## #.## #............##
#.#..<###.# ##.#############
#.......#.#######..############.
###................#............
##.#.......######...###########
#..<.#.#.#....# #..##
###..###.#.####.####.#
....^.##.#.####o@# #.#
.####........###o###.## .##
###..#.#..##..##..###### ..###
##....#..#...........## #...#
###..#...............## ###.#
#####...............# #.##
≈≈S+...............# ##
#..#########...............###.
##..##..##.................##..


You could see an orc priest and an orc.

Vanquished Creatures
  4 adders
  3 dart slugs
  An orc (D:4)
  5 ball pythons
  7 bats
  4 endoplasms
  A giant cockroach (D:1)
  6 goblins
  3 hobgoblins
  5 kobolds
  2 quokkas
  4 frilled lizards
  3 rats
48 creatures vanquished.

Vanquished Creatures (others)
  A plant (D:1)
  4 toadstools (D:1)
5 creatures vanquished.

Grand Total: 53 creatures vanquished

Notes
Turn   | Place    | Note
-------+----------+-------------------------------------------
     0 | D:5      | tilp the Kobold Delver began the quest for the Orb.
     0 | D:5      | Reached XP level 1. HP: 14/14 MP: 1/1
    19 | D:5      | Found a shadowy altar of Dithmenos.
    22 | D:5      | Became a worshipper of Dithmenos the Shadowed
   160 | D:2      | You fall into a shaft and drop 2 floors!
   511 | D:1      | Reached XP level 2. HP: 20/20 MP: 2/2
   688 | D:1      | Found Natisoi's Weapon Shop.
  1013 | D:1      | Reached XP level 3. HP: 20/24 MP: 3/3
  1669 | D:1      | Found a faded altar of an unknown god.
  1914 | D:2      | Found Xalyat's Weapon Shoppe.
  2610 | D:2      | Reached XP level 4. HP: 21/29 MP: 4/4
  3631 | D:3      | Reached skill level 7 in Stealth
  3658 | D:3      | Reached * piety under Dithmenos
  3889 | D:3      | Found a sparkling altar of Nemelex Xobeh.
  3968 | D:3      | Found a runed translucent door.
  4206 | D:4      | Found a staircase to the Ecumenical Temple.
  4556 | D:3      | Killed from afar by an orc priest

Illustrated notes

Levels and vault maps discovered:
D:1:      ldierk_water_garden, layout_basic, serial_shops, nicolae_square_shop,
          shapermc_ecumenical_altar_gd
D:2:      layout_basic, serial_shops, shop, dk_vineyard_2, minmay_misc_feat_x
D:3:      layout_rooms, nemelex_spade_bored_becter, ebering_ghost_sewer_d
D:4:      layout_layer_cave, minmay_temple_entry_purple_smoke,
          gammafunk_ghost_split, columned_hall_lemuel, minmay_close_crescents,
          uniq_robin
D:5:      layout_basic, okawaru_ov_weapons_minmay, kiku_gazebo_pond_becter,
          kennysheep_mini, uniq_duvessa

Skill      XL: |  1  2  3  4 |
---------------+-------------+-----
Fighting       | 4 |  4.0
Short Blades   | 3 4 |  4.0
Dodging        | 3 |  3.4
Stealth        | 7 |  7.2
Shields        | |  0.2

Action                   |  1- 3 |  4- 6 || total
-------------------------+-------+-------++-------
Melee: Short sword       |    53 |       ||    53
       Dagger            |    70 |    90 ||   160
Throw: Stone             |     2 |       ||     2
  Use: Scroll            |     2 |     2 ||     4
       Potion            |     4 |       ||     4
 Stab: Sleeping          |    15 |    10 ||    25
Armor: Leather armour    |    19 |     2 ||    21
       Ring mail         |       |    12 ||    12
Dodge: Dodged            |    77 |    51 ||   128
